AoeStats
← DarkKing716

Coastal Forest

503763453Analyzed
4v4 RM · 1mo ago on Sep 2, 2026· 69m 54s· 8 players
Game mode
Random Map
Map size
Large (8 player)
Population
200
Speed
Normal
Resources
Standard
Victory
Conquest
Starting age
Dark Age
Ending age
Imperial Age
RankedLock teamsTeams togetherTeam positionsShared explorationLock speedFull tech treeHidden civsTurbo modeCheats
Victory
Defeat
🇺🇸 Berbers · United States
908
+17
🇺🇸 Teutons · United States
905
+17
🇺🇸 Khmer · United States
887
+18
🇺🇸 Mongols · United States
876
+54
🇨🇳 Huns · China
933
-18
🇲🇽 Britons · Mexico
928
-18
🇦🇷 Hindustanis · Argentina
924
-17
🇨🇳 Turks · China
916
-17
b3z1294
11:24 Feudal Age
17:57 Castle Age
16:48 Double-Bit Axe
18:18 Loom
22:43 Bow Saw
32:29 Imperial Age
30:46 Wheelbarrow
30:47 Bloodlines
31:43 Gold Mining
32:57 Horse Collar
34:14 Heavy Camel Rider
35:11 Forging
35:09 Scale Barding Armor
36:40 Husbandry
37:06 Chain Barding Armor
37:23 Iron Casting
38:23 Plate Barding Armor
42:40 Blast Furnace
41:31 Fletching
46:11 Medium Warships
47:46 Heavy Plow
49:24 Chemistry
50:26 Caravan
52:23 Light Cavalry
57:00 Crop Rotation
62:11 Hussar
65:34 Coinage
65:14 Guilds
64:28 Elite Camel Archer
69:01 Banking
Anipazronkin
0:31 Loom
2:28 Loom
15:27 Feudal Age
17:10 Wheelbarrow
16:21 Town Watch
16:24 Double-Bit Axe
16:30 Horse Collar
18:28 Stone Mining
18:29 Gold Mining
18:57 Gold Mining
22:24 Castle Age
23:30 Hand Cart
23:15 Town Patrol
23:28 Bow Saw
23:27 Heavy Plow
25:24 Stone Shaft Mining
25:30 Gold Shaft Mining
31:43 Husbandry
32:34 Bloodlines
32:58 Fortified Wall
32:45 Murder Holes
33:50 Scale Barding Armor
33:55 Forging
33:35 Fletching
33:46 Padded Archer Armor
34:10 Devotion
34:06 Herbal Medicine
34:33 Ballistics
34:23 Masonry
35:12 Chain Barding Armor
43:25 Imperial Age
41:08 Caravan
44:32 Iron Casting
43:58 Bodkin Arrow
44:18 Leather Archer Armor
43:40 Elite Ballista Elephant
45:40 Chemistry
67:38 Double Crossbow
67:58 Conscription
70:37 Hoardings
DarkKing716
6:49 Loom
8:56 Feudal Age
11:13 Double-Bit Axe
13:09 Bloodlines
16:26 Horse Collar
18:53 Scale Barding Armor
22:42 Castle Age
21:30 Forging
25:11 Husbandry
24:34 Light Cavalry
26:39 Heavy Plow
27:17 Bow Saw
28:38 Chain Barding Armor
29:59 Wheelbarrow
30:17 Fervor
31:42 Iron Casting
30:58 Fletching
31:15 Pikeman
31:57 Squires
33:02 Gold Mining
33:02 Stone Mining
33:20 Bodkin Arrow
33:25 Padded Archer Armor
34:49 Gold Shaft Mining
34:51 Stone Shaft Mining
34:33 Hand Cart
37:29 Imperial Age
35:27 Leather Archer Armor
35:28 Nomads
37:14 Ballistics
37:06 Masonry
37:35 Caravan
37:30 Elite Mangudai
38:32 Conscription
37:55 Hussar
39:22 Town Watch
40:49 Blast Furnace
39:50 Bracer
40:04 Thumb Ring
42:37 Drill
42:53 Hoardings
45:00 Chemistry
44:03 Scale Mail Armor
44:55 Capped Ram
45:59 Chain Mail Armor
46:01 Capped Ram
46:04 Onager
47:46 Siege Engineers
47:03 Siege Ram
48:26 Siege Onager
49:37 Plate Mail Armor
55:25 Town Patrol
.:sTeeL:.
3:46 Loom
12:29 Feudal Age
13:46 Wheelbarrow
13:45 Double-Bit Axe
13:43 Horse Collar
19:47 Castle Age
18:02 Forging
18:58 Stone Mining
19:00 Gold Mining
18:47 Man-at-Arms
21:08 Hand Cart
20:57 Heavy Plow
21:11 Bow Saw
21:43 Stone Shaft Mining
21:12 Squires
20:33 Long Swordsman
22:24 Arson
31:34 Imperial Age
31:42 Cavalier
33:05 Crop Rotation
33:40 Two-Man Saw
33:05 Crenellations
33:09 Conscription
33:07 Bloodlines
33:45 Caravan
33:59 Guilds
34:40 Paladin
36:30 Iron Casting
36:07 Scale Barding Armor
44:03 Blast Furnace
43:25 Chain Barding Armor
42:56 Fletching
43:40 Town Watch
47:25 Plate Barding Armor
55:11 Bodkin Arrow
55:21 Two-Handed Swordsman
55:22 Pikeman
55:48 Gambesons
59:37 Scale Mail Armor
59:38 Padded Archer Armor
63:47 Chain Mail Armor
63:49 Leather Archer Armor
66:57 Coinage
67:01 Plate Mail Armor
67:14 Hoardings
patrick.ollivier.leal
13:26 Feudal Age
13:41 Loom
17:21 Castle Age
15:39 Double-Bit Axe
15:57 Stone Mining
16:00 Horse Collar
16:26 Gold Mining
18:15 Wheelbarrow
24:40 Heavy Plow
24:54 Bow Saw
26:30 Scale Mail Armor
33:12 Imperial Age
31:25 Fletching
32:12 Crossbowman
32:52 Bodkin Arrow
33:00 Padded Archer Armor
33:26 Caravan
34:00 Leather Archer Armor
34:08 Ballistics
34:56 Chemistry
34:03 Bracer
33:58 Arbalester
35:31 Gold Shaft Mining
36:00 Ring Archer Armor
36:01 Conscription
36:58 Yeomen
41:39 Two-Man Saw
41:15 Hand Cart
41:00 Onager
56:36 Elite Skirmisher
五彩斑斓的黑
11:09 Feudal Age
19:03 Castle Age
17:21 Double-Bit Axe
22:24 Bow Saw
26:57 Town Watch
31:28 Imperial Age
28:47 Loom
29:41 Wheelbarrow
28:52 Town Watch
30:46 Hand Cart
34:02 Horse Collar
34:49 Husbandry
34:59 Bloodlines
34:59 Scale Barding Armor
35:05 Forging
35:32 Elite Tarkan
36:33 Conscription
36:41 Marauders
38:04 Two-Man Saw
37:09 Heavy Plow
38:21 Chain Barding Armor
38:37 Iron Casting
43:17 Plate Barding Armor
43:43 Blast Furnace
53:02 Light Cavalry
54:48 Hussar
SepeLio_O
6:54 Loom
9:25 Feudal Age
11:10 Double-Bit Axe
18:43 Castle Age
17:40 Fletching
19:44 Scale Mail Armor
21:06 Bloodlines
21:57 Husbandry
23:44 Scale Barding Armor
23:51 Forging
29:10 Chain Barding Armor
32:40 Imperial Age
30:52 Wheelbarrow
31:57 Hand Cart
31:32 Town Watch
33:37 Iron Casting
36:01 Plate Barding Armor
36:28 Blast Furnace
37:14 Bow Saw
37:42 Town Patrol
39:16 Chemistry
38:29 Masonry
39:18 Heavy Camel Rider
41:16 Siege Elephant
44:17 Bodkin Arrow
45:49 Imperial Camel Rider
S个帅哥
1:16 Loom
14:29 Feudal Age
18:05 Double-Bit Axe
18:43 Stone Mining
18:48 Gold Mining
21:24 Castle Age
26:10 Bow Saw
34:34 Imperial Age
37:22 Wheelbarrow
36:47 Town Watch
38:23 Bombard Tower
38:24 Ballistics
38:47 Fortified Wall
38:47 Padded Archer Armor
39:10 Horse Collar
41:06 Leather Archer Armor
40:59 Thumb Ring
41:20 Parthian Tactics
42:56 Ring Archer Armor
42:24 Fletching
44:05 Heavy Cavalry Archer
44:47 Bodkin Arrow
47:37 Husbandry
47:48 Bloodlines
47:41 Bracer
47:48 Scale Barding Armor
47:54 Forging
49:31 Chain Barding Armor
54:12 Sipahi
61:36 Conscription
Connection lost

Rejoining the realm…

Still unreachable

The connection could not be restored.

Session expired

The server has moved on; the page needs a fresh start.